 Dungeon Crawl Stone Soup version 0.24-a0-537-g2d01d4ab0a (webtiles) character file.

Game seed: 17348564497742360596

4 Mithandil the Stinger (level 1, -1/15 HPs)
             Began as a Naga Venom Mage on Aug 16, 2019.
             Slain by an ooze (4 damage)
             ... on level 1 of the Dungeon.
             The game lasted 00:03:37 (389 turns).

Mithandil the Stinger (Naga Venom Mage)              Turns: 389, Time: 00:03:37

Health: -1/15      AC:  1    Str: 10    XL:     1   Next: 60%
Magic:  0/3        EV: 10    Int: 15    God:
Gold:   0          SH:  0    Dex: 11    Spells: 3/4 levels left

rFire    . . .     SeeInvis +   a - +0 hand axe
rCold    . . .     Gourm    .   (no shield)
rNeg     . . .     Faith    .   b - +0 robe
rPois    +         Spirit   .   (no helmet)
rElec    .         Reflect  .   (no cloak)
rCorr    .         Harm     .   (no gloves)
MR       .....                  (no barding)
Stlth    ++........             (no amulet)
HPRegen  0.05/turn              (no ring)
MPRegen  0.08/turn              (no ring)

@: very slow
A: large, see invisible, deformed body, poison resistance, slowness 2, slow
metabolism 1, spit poison 1, AC +0
a: Spit Poison


You were on level 1 of the Dungeon.
You were not hungry.

You visited 1 branch of the dungeon, and saw 2 of its levels.

Inventory:

Hand Weapons
 a - a +0 hand axe (weapon)
Armour
 b - a +0 robe (worn)
Jewellery
 d - an uncursed ring of resist corrosion {unknown}
Scrolls
 e - 2 scrolls of remove curse {unknown}
Comestibles
 c - a ration


   Skills:
 + Level 0.1 Fighting
 * Level 1.6 Dodging
 + Level 3.0 Stealth
 * Level 2.0 Spellcasting
 * Level 1.1 Conjurations
 * Level 4.1 Poison Magic


You had 3 spell levels left.
You knew the following spells:

 Your Spells              Type           Power        Failure   Level  Hunger
a - Sting                 Conj/Pois      #...         8%          1    #......

Your spell library contained the following spells:

 Spells                   Type           Power        Failure   Level  Hunger
 Poisonous Vapours        Pois/Air       #.....       14%         2    ###....
 Mephitic Cloud           Conj/Pois/Air  #.......     32%         3    ###....
 Olgreb's Toxic Radiance  Pois           ##......     38%         4    #####..
 Venom Bolt               Conj/Pois      #.........   91%         5    ######.


Dungeon Overview and Level Annotations

Branches:
Dungeon (2/15)

Altars:


Innate Abilities, Weirdness & Mutations

You cannot wear boots.
Your serpentine skin is tough. (AC +0)
You have supernaturally acute eyesight. (SInv)
Armour fits poorly on your strangely shaped body.
Your system is resistant to poisons. (rPois)
You cover ground very slowly.
You have a slow metabolism.
You can spit poison.


Message History

Press: ? - help, Shift-Dir - straight line, f/p - ooze
Aim: an ooze (moderately wounded)
The sting hits the ooze.
The ooze completely resists.
The ooze is moderately wounded.
The ooze hits you.
* * * LOW HITPOINT WARNING * * *
Casting: Sting (safe; 8% risk of failure)
Confirm with . or Enter, or press ? or * to list all spells.
You don't have enough magic to cast that spell.
Unknown command.
The ooze hits you but does no damage.
Press: ? - help, Shift-Dir - straight line, f/p - ooze
Aim: an ooze (moderately wounded)
The splash of poison hits the ooze.
The ooze is poisoned.
The ooze is heavily wounded.
You feel slightly more hungry. The ooze misses you.
Your magical contamination has completely faded away.
You have got your breath back.
The ooze hits you.
You die...

####### # ###.#...#
....... ### ..#.#...#
....... ..# ###.#.#.>.#
.......######.#
...#.#...#
.......'....#.#
#..#.#...###
.......####.#.#
#..#.....'.# .......
#.#.# #..###...#.#
.......
###'#.#####..###...#.#
.......
#......J@......'...#.#
.....##
#....##...######...#..
.....
#.........'......#.###
.....
#######...######.#.######
#...# #.#....... #...#
#.######## #...# #..
#...# ### #...#


You could see an ooze.

Vanquished Creatures
  2 bats (D:1)
  A hobgoblin (D:1)
  A frilled lizard (D:1)
4 creatures vanquished.

Notes
Turn   | Place    | Note
-------+----------+-------------------------------------------
     0 | D:1      | Mithandil the Naga Venom Mage began the quest for the Orb.
     0 | D:1      | Reached XP level 1. HP: 15/15 MP: 3/3
   389 | D:1      | Slain by an ooze

Levels and vault maps discovered:
D:1:      roderic_chinese_lattice_arrival, layout_basic, kennysheep_nondescript
D:2:      layout_rooms, good_gods_temple_1, first_ration,
          evilmike_ruin_ashenzari

Action                   || total
-------------------------++-------
Melee: Hand axe          ||     7
 Cast: Sting             ||     7
 Abil: Spit Poison       ||     3
Armor: Robe              ||     4
Dodge: Dodged            ||     9

Table legend:
 A = Non-vault XP
 B = Vault XP
 C = Vault XP percentage of total XP
 D = Non-vault monster count
 E = Vault monster count
 F = Vault count percentage of total count
                 A         B        C        D         E       F
            +---------+---------+-------+---------+---------+-------
      Total |       6 |       0 |   0.0 |       4 |       0 |   0.0
            +---------+---------+-------+---------+---------+-------
        D:1 |       6 |       0 |   0.0 |       4 |       0 |   0.0
            +---------+---------+-------+---------+---------+-------
